Map: Prion Terraces

Players

zod - Winner!

  • Race: Protoss Protoss
  • League: Silver

piroetta

  • Race: Zerg Zerg
  • League: Silver

VOD

Have the link to the VOD?

Description

Time

  • Played on: Jan. 18, 2016, 1:58 p.m.
  • Length: 33:29
Show
View Real Time Build Order
Export as new Build Order

zod Protoss - Winner!

Build Orders:  

Get SALT Encoding   

  12  0:01  Probe (Chrono Boost)  
  13  0:12  Probe (Chrono Boost)  
  14  0:20  Pylon  
  14  0:22  Probe (Chrono Boost)  
  15  0:38  Probe (Chrono Boost)  
  16  0:45  Gateway  
  16  0:48  Probe (Chrono Boost)  
  17  0:59  Probe (Chrono Boost)  
  17  1:00  Assimilator  
  18  1:07  Gateway  
  18  1:13  Pylon  
  18  1:17  Probe (Chrono Boost)  
  19  1:29  Probe (Chrono Boost), Forge  
  20  1:41  Cybernetics Core  
  20  1:42  Probe (Chrono Boost)  
  21  2:06  Photon Cannon  
  21  2:07  Photon Cannon  
  21  2:10  Probe (Chrono Boost)  
  22  2:21  Mothership Core (Chrono Boost)  
  24  2:28  Pylon  
  24  2:29  Assimilator  
  24  2:36  Photon Cannon  
  24  2:41  Pylon  
  24  2:54  Pylon  
  24  3:02  Adept  
  24  3:03  Sentry  
  28  3:19  Photon Cannon  
  28  3:22  Photon Cannon  
  28  3:25  Photon Cannon  
  28  3:35  Pylon  
  28  3:43  Pylon  
  28  3:57  Photon Cannon  
  28  3:59  Photon Cannon  
  28  4:04  Photon Cannon  
  28  4:14  Stalker  
  27  4:47  Stalker, Pylon  
  25  5:00  Stalker  
  25  5:23  Mothership Core (Chrono Boost)  
  25  5:28  Pylon  
  27  5:50  Nexus  
  27  5:54  Pylon  
  27  5:55  Pylon, Photon Cannon  
  27  5:59  Assimilator  
  27  6:05  Assimilator  
  27  6:20  Warp Gate  
  27  6:27  Probe (Chrono Boost)  
  27  6:38  Probe (Chrono Boost)  
  27  6:48  Probe (Chrono Boost)  
  27  6:59  Probe (Chrono Boost)  
  27  7:05  Probe (Chrono Boost)  
  27  7:09  Probe (Chrono Boost)  
  27  7:16  Probe (Chrono Boost)  
  27  7:20  Probe (Chrono Boost), Nexus  
  27  7:22  Assimilator  
  27  7:26  Probe (Chrono Boost), Assimilator  
  27  7:30  Probe (Chrono Boost)  
  27  7:37  Probe (Chrono Boost)  
  27  8:28  Probe x2 (Chrono Boost)  
  27  8:29  Gateway  
  27  8:31  Gateway, Probe (Chrono Boost)  
  27  8:33  Gateway  
  27  8:39  Probe x2 (Chrono Boost)  
  27  8:42  Probe (Chrono Boost)  
  27  8:48  Robotics Facility  
  27  8:49  Probe (Chrono Boost)  
  27  8:50  Probe (Chrono Boost)  
  27  8:51  Pylon  
  27  8:53  Probe (Chrono Boost), Pylon  
  27  8:54  Pylon  
  27  8:56  Pylon  
  27  9:00  Probe x2 (Chrono Boost)  
  27  9:03  Probe (Chrono Boost)  
  27  9:10  Probe (Chrono Boost)  
  27  9:11  Probe (Chrono Boost)  
  27  9:14  Probe (Chrono Boost)  
  27  9:21  Probe (Chrono Boost)  
  27  9:30  Stalker x2  
  27  9:57  Adept  
  27  9:58  Adept x4  
  27  10:10  Nexus  
  27  10:13  Assimilator  
  27  10:17  Assimilator  
  27  10:20  Pylon  
  27  10:22  Pylon  
  27  10:24  Stalker x2  
  27  10:25  Stalker x3  
  27  10:26  Pylon  
  27  10:54  Probe x3 (Chrono Boost)  
  27  11:04  Probe (Chrono Boost)  
  27  11:05  Probe x2 (Chrono Boost)  
  27  11:06  Photon Cannon  
  27  11:08  Photon Cannon  
  27  11:10  Photon Cannon  
  27  11:13  Photon Cannon  
  27  11:15  Probe x3 (Chrono Boost), Photon Cannon  
  27  11:17  Photon Cannon  
  27  11:20  Pylon  
  27  11:24  Probe (Chrono Boost)  
  27  11:25  Probe (Chrono Boost)  
  27  11:26  Probe x2 (Chrono Boost)  
  27  11:34  Probe (Chrono Boost), Adept  
  27  11:35  Adept  
  27  11:36  Probe x3 (Chrono Boost)  
  27  11:38  Adept  
  27  11:40  Adept  
  27  11:45  Probe (Chrono Boost)  
  27  11:47  Probe x3 (Chrono Boost)  
  27  11:55  Probe (Chrono Boost)  
  27  11:57  Probe x2 (Chrono Boost)  
  27  11:58  Probe (Chrono Boost)  
  27  12:06  Probe (Chrono Boost)  
  27  12:08  Probe x3 (Chrono Boost)  
  27  12:37  Nexus  
  27  12:42  Stalker  
  27  12:43  Stalker x4  
  27  13:00  Nexus  
  27  13:01  Pylon  
  27  13:04  Pylon, Assimilator  
  27  13:06  Pylon  
  27  13:07  Assimilator  
  27  13:09  Pylon  
  27  13:18  Probe (Chrono Boost)  
  27  13:19  Probe x3 (Chrono Boost)  
  27  13:27  Assimilator  
  27  13:29  Probe x4 (Chrono Boost)  
  27  13:31  Assimilator  
  27  13:32  Pylon  
  27  13:34  Pylon  
  27  13:37  Pylon  
  27  13:39  Probe (Chrono Boost), Pylon  
  27  13:40  Probe x3 (Chrono Boost)  
  27  13:43  Pylon  
  27  13:45  Pylon  
  27  13:48  Pylon  
  27  13:50  Probe x4 (Chrono Boost)  
  27  14:00  Probe (Chrono Boost)  
  27  14:01  Probe x3 (Chrono Boost)  
  27  14:09  Pylon  
  27  14:11  Probe x5 (Chrono Boost)  
  27  14:12  Probe (Chrono Boost), Pylon  
  27  14:21  Probe (Chrono Boost)  
  27  14:22  Probe x4 (Chrono Boost)  
  27  14:23  Probe (Chrono Boost)  
  27  14:24  Pylon  
  27  14:30  Nexus  
  27  14:32  Probe x4 (Chrono Boost)  
  27  14:33  Probe x2 (Chrono Boost)  
  27  14:34  Pylon  
  27  14:37  Pylon  
  27  14:39  Pylon  
  27  14:42  Probe (Chrono Boost)  
  27  14:43  Probe x4 (Chrono Boost), Assimilator  
  27  14:44  Probe (Chrono Boost)  
  27  14:45  Assimilator  
  27  14:47  Pylon  
  27  14:48  Pylon  
  27  14:50  Nexus  
  27  14:52  Pylon, Assimilator  
  27  14:53  Probe x4 (Chrono Boost)  
  27  14:54  Probe x2 (Chrono Boost)  
  27  14:56  Pylon  
  27  14:57  Assimilator  
  27  15:00  Pylon  
  27  15:02  Pylon  
  27  15:05  Pylon  
  27  15:07  Pylon  
  27  15:10  Pylon  
  27  15:12  Pylon  
  27  15:14  Pylon  
  27  15:16  Pylon  
  27  15:22  Nexus  
  27  15:27  Nexus  
  27  15:29  Assimilator  
  27  15:34  Nexus, Assimilator  
  27  15:37  Pylon, Assimilator  
  27  15:39  Assimilator  
  27  15:40  Pylon  
  27  15:42  Pylon  
  27  15:43  Pylon  
  27  15:44  Pylon  
  27  15:45  Probe x6 (Chrono Boost), Pylon  
  27  15:47  Pylon x2  
  27  15:49  Pylon  
  27  15:50  Pylon  
  27  15:52  Nexus, Pylon x2  
  27  15:54  Pylon  
  27  15:55  Probe (Chrono Boost), Pylon  
  27  15:56  Probe x5 (Chrono Boost), Pylon  
  27  16:00  Assimilator x2  
  27  16:06  Probe x6 (Chrono Boost)  
  27  16:16  Probe (Chrono Boost)  
  27  16:17  Probe x5 (Chrono Boost)  
  27  16:27  Probe (Chrono Boost)  
  27  16:28  Nexus  
  27  16:29  Nexus  
  27  16:32  Pylon  
  27  16:34  Pylon  
  27  16:37  Assimilator  
  27  16:39  Assimilator x2  
  27  16:42  Pylon  
  27  16:43  Pylon  
  27  16:46  Pylon, Assimilator  
  27  16:47  Assimilator  
  27  16:53  Assimilator  
  27  16:58  Nexus  
  27  17:00  Assimilator  
  27  17:10  Assimilator  
  27  17:12  Nexus  
  27  17:17  Nexus  
  27  17:26  Assimilator  
  27  17:30  Assimilator  
  27  17:33  Nexus  
  27  17:36  Assimilator  
  27  17:39  Assimilator  
  27  17:45  Probe x9 (Chrono Boost)  
  27  17:51  Probe (Chrono Boost)  
  27  17:55  Probe (Chrono Boost)  
  27  17:56  Probe x8 (Chrono Boost)  
  27  18:02  Probe (Chrono Boost)  
  27  18:06  Probe x8 (Chrono Boost)  
  27  19:55  Assimilator  
  27  19:56  Protoss Air Armor Level 1  
  27  20:01  Assimilator  
  27  20:05  Protoss Ground Weapons Level 1 (Chrono Boost)  
  27  20:23  Robotics Bay  
  27  20:28  Twilight Council  
  27  20:31  Pylon  
  27  20:36  Stargate  
  27  21:17  Probe  
  27  21:18  Probe x10  
  27  21:19  Probe x2  
  27  21:28  Probe x9  
  27  21:35  Protoss Air Weapons Level 1  
  27  21:47  Protoss Ground Armor Level 1 (Chrono Boost)  
  27  23:07  Photon Cannon  
  27  23:09  Photon Cannon  
  27  23:10  Photon Cannon  
  27  23:14  Photon Cannon  
  27  23:25  Protoss Shields Level 1 (Chrono Boost)  
  27  23:40  Templar Archives  
  27  23:42  Dark Shrine  
  27  23:44  Fleet Beacon  
  27  23:51  Observer Gravitic Boosters (Chrono Boost), Robotics Bay  
  27  24:04  Probe  
  27  24:06  Probe  
  27  24:42  Gravitic Drive (Chrono Boost)  
  27  25:01  Protoss Air Weapons Level 2  
  27  25:12  Protoss Ground Weapons Level 2  
  27  25:18  Psionic Storm  
  27  25:22  Anion Pulse-Crystals  
  27  25:36  Extended Thermal Lance (Chrono Boost)  
  27  26:11  Charge (Chrono Boost)  
  27  26:19  Graviton Catapult  
  27  26:59  Protoss Air Armor Level 2  
  27  27:27  Protoss Ground Armor Level 2 (Chrono Boost)  
  27  27:33  Blink  
  27  28:50  Forge  
  27  28:55  Protoss Air Weapons Level 3  
  27  29:08  Forge  
  27  29:11  Forge  
  27  29:21  Resonating Glaives  
  27  29:28  Protoss Shields Level 2 (Chrono Boost)  
  27  29:54  Protoss Ground Armor Level 3 (Chrono Boost)  
  27  30:09  Protoss Ground Weapons Level 3 (Chrono Boost)  
Show
View Real Time Build Order
Export as new Build Order

piroetta Zerg 

Build Orders: Pool First 

Get SALT Encoding   

  12  0:01  Drone  
  13  0:12  Drone  
  14  0:28  Spawning Pool  
  13  0:46  Overlord  
  13  0:49  Drone  
  14  1:12  Drone x2  
  16  1:21  Hatchery  
  16  1:23  Queen  
  17  1:45  Drone x3  
  20  1:50  Extractor  
  19  2:07  Drone  
  20  2:08  Drone  
  21  2:28  Hatchery  
  20  2:35  Roach Warren  
  19  2:43  Zergling x2  
  19  2:44  Zergling x8  
  19  3:21  Queen  
  19  3:23  Zergling x4  
  19  3:24  Zergling x2  
  24  3:30  Drone x2  
  24  3:32  Drone x2  
  28  3:35  Extractor  
  27  3:46  Zergling x2  
  28  3:51  Overlord x2  
  26  4:27  Spore Crawler  
  23  4:32  Spore Crawler  
  23  4:35  Spine Crawler  
  18  4:39  Queen  
  18  4:42  Spine Crawler  
  18  4:43  Zergling x4  
  18  4:44  Zergling x2  
  16  5:07  Spine Crawler  
  15  5:14  Drone x3  
  15  5:15  Drone x3  
  20  5:22  Zergling x10  
Tags
 
Add a new tag
Caveats
  • Supply blocks, unpowered buildings, or Contaminate may cause inaccurate times.
  • Supply counts are checked every 10 seconds.